 Dungeon Crawl Stone Soup version 0.28-a0-384-g9e0c098162 (webtiles) character file.

Game seed: 13148930358463906724

1594 theanonym the Cleaver (level 8, -2/76 HPs)
             Began as a Deep Dwarf Gladiator on Sept 2, 2021.
             Slain by an ice beast (5 damage)
             ... on level 6 of the Dungeon.
             The game lasted 00:07:16 (4414 turns).

theanonym the Cleaver (Deep Dwarf Gladiator)        Turns: 4414, Time: 00:07:16

Health: -2/76      AC: -3    Str: 19    XL:     8   Next: 62%
Magic:  3/3        EV:  8    Int: 10    God:
Gold:   155        SH:  0    Dex: 14    Spells: 7/7 levels left

rFire   . . .      SeeInvis .   a - +0 war axe
rCold   + . .      Faith    .   (no shield)
rNeg    . . .      Spirit   .   j - +0 chain mail
rPois   .          Reflect  .   c - +0 helmet
rElec   .          Harm     .   h - scarf {repulsion}
rCorr   .          Rampage  .   (no gloves)
Will    +....                   (no boots)
Stlth   ..........              (no amulet)
HPRegen 0.00/turn               v - ring of protection from cold
MPRegen 0.08/turn               t - +4 ring of protection

@: corroded, repel missiles
A: damage resistance, heal wounds, sense surroundings 1, no regeneration
a: Heal Wounds


Innate Abilities, Weirdness & Mutations

You are resistant to damage.
You can heal yourself by infusing magical energy.
You passively map a small area around you.
You do not regenerate.


   Skills:
 + Level 6.0 Fighting
 * Level 10.2 Axes
 - Level 1.7 Throwing
 - Level 3.2 Dodging


You had 7 spell levels left.
You didn't know any spells.
Your spell library contained the following spells:

 Spells                   Type           Power      Damage    Failure   Level
 Freeze                   Ice            0%         1d3       99%         1
 Blink                    Tloc           N/A        N/A       100%        2
 Frozen Ramparts          Ice            0%         1d2       100%        3
 Lesser Beckoning         Tloc           0%         N/A       100%        3
 Hailstorm                Conj/Ice       0%         3d3       100%        4
 Manifold Assault         Tloc           0%         N/A       100%        5

Skill      XL: |  1  2  3  4  5  6  7  8 |
---------------+-------------------------+-----
Fighting       | 2 3 4 5 6 |  6.0
Axes           | 4 5 7 9 10 | 10.2
Throwing       | |  1.7
Dodging        | |  3.2

Action                   |  1- 3 |  4- 6 |  7- 9 || total
-------------------------+-------+-------+-------++-------
Melee: War axe           |   114 |   147 |   176 ||   437
Throw: Throwing net      |       |     1 |       ||     1
 Abil: Heal Wounds       |     1 |     9 |     5 ||    15
Evoke: Wand              |       |       |     3 ||     3
  Use: Potion            |       |     1 |       ||     1
       Scroll            |       |       |    10 ||    10
 Stab: Held in net/web   |       |     1 |       ||     1
Armor: Leather armour    |    14 |       |       ||    14
       Chain mail        |    56 |   128 |   103 ||   287
Dodge: Dodged            |    67 |   108 |    65 ||   240
       Repelled          |       |     2 |     1 ||     3

Inventory:

Hand Weapons
 a - a +0 war axe (weapon)
Missiles
 d - 9 throwing nets (quivered)
Armour
 c - a +0 helmet (worn)
 h - a scarf of repulsion (worn)
 j - a +0 chain mail (worn)
Jewellery
 o - a ring of see invisible
 t - a +4 ring of protection (right hand)
 u - a +6 ring of dexterity
 v - a ring of protection from cold (left hand)
 A - a ring of wizardry
Wands
 b - a wand of mindburst (8)
 g - a wand of flame (26)
Scrolls
 f - 2 scrolls of fog
 k - a scroll of fear {unknown}
 l - a scroll of vulnerability {unknown}
 n - a scroll of immolation
 r - a scroll of identify
 x - a scroll of acquirement {unknown}
 y - 2 scrolls of magic mapping
 B - a scroll of blinking
 C - 2 scrolls of teleportation {unknown}
 D - a scroll of silence {unknown}
Potions
 e - a potion of degeneration
 i - a potion of invisibility
 m - a potion of might
 p - a potion of mutation
 q - 4 potions of heal wounds
 s - 2 potions of attraction
 w - 5 potions of curing
 z - a potion of cancellation {unknown}
 E - a potion of ambrosia {unknown}
 F - a potion of brilliance {unknown}


You were on level 6 of the Dungeon.
You visited 1 branch of the dungeon, and saw 6 of its levels.

You collected 155 gold pieces.

Dungeon Overview and Level Annotations

Branches:
Dungeon (6/15)             Temple (0/1) D:6

Altars:
Ashenzari
Fedhas
Okawaru
Qazlal
The Shining One

,,,,,,,,,,* *,,,,,......,,*
,,**,,,,,,* ******#.....,,*
****,,,,,,* *.....,,* #* ********
*#..#**** .*##### ####..##
.*#...# #....<.#
.##...############......########*
..............YJ.Y............>,,
#.#....######...@.......####.####
..####.# #.........)...........
P..# #Y# #....[....)..)###.####
_PP# #.# #.............#.......
..P###.## #.............#.#.###.
........# #.............#.#.# #.
........# #...#########.#,#.# #.
.#......# #...# #.#,#.# #.
.§≈.....# #...#*******#.#,#.# #.


You could see 2 ice beasts and a jelly.

Notes
Turn   | Place    | Note
-------+----------+-------------------------------------------
     0 | D:1      | theanonym the Deep Dwarf Gladiator began the quest for the
                  | Orb.
     0 | D:1      | Reached XP level 1. HP: 19/19 MP: 1/1
    72 | D:1      | Reached skill level 2 in Fighting
   131 | D:1      | Reached XP level 2. HP: 15/26 MP: 2/2
   377 | D:1      | Reached skill level 4 in Axes
   611 | D:1      | Found a faded altar of an unknown god.
   615 | D:1      | Found a faded altar of an unknown god.
   866 | D:2      | HP: 13/26 [adder (1)]
   876 | D:2      | Reached XP level 3. HP: 11/32 MP: 3/3
  1819 | D:3      | HP: 16/33 [orc (1)]
  1825 | D:3      | Reached XP level 4. HP: 17/40 MP: 4/4
  1884 | D:3      | Noticed a scorpion
  1893 | D:3      | Killed a scorpion
  1894 | D:3      | Reached skill level 3 in Fighting
  1894 | D:3      | Reached skill level 5 in Axes
  2064 | D:3      | Found a glowing golden altar of the Shining One.
  2514 | D:4      | Reached XP level 5. HP: 28/49 MP: 4/4
  2585 | D:4      | Found a broken altar of Ashenzari.
  2621 | D:4      | HP: 24/49 [worm (4)]
  2637 | D:4      | HP: 22/49 [hobgoblin (10)]
  2639 | D:4      | HP: 2/49 [gnoll (10)]
  2644 | D:4      | HP: 16/49 [hobgoblin (5)]
  2663 | D:4      | HP: 8/49 [hobgoblin (1)]
  2994 | D:4      | HP: 24/49 [ufetubus (1)]
  3001 | D:4      | HP: 19/49 [ufetubus (1)]
  3169 | D:4      | HP: 23/49 [gnoll (3)]
  3175 | D:4      | HP: 19/49 [gnoll (2)]
  3256 | D:4      | HP: 22/49 [hobgoblin (4)]
  3282 | D:4      | Reached skill level 6 in Axes
  3345 | D:5      | Entered Level 5 of the Dungeon
  3349 | D:5      | Noticed Sigmund
  3366 | D:5      | Killed Sigmund
  3367 | D:5      | Reached skill level 7 in Axes
  3367 | D:5      | Reached XP level 6. HP: 30/57 MP: 3/3
  3371 | D:5      | HP: 24/57 [iguana (6)]
  3376 | D:4      | Reached skill level 4 in Fighting
  3433 | D:5      | Reached XP level 7. HP: 52/64 MP: 4/4
  3593 | D:5      | Reached skill level 8 in Axes
  3595 | D:5      | HP: 33/66 [wyvern skeleton (2)]
  3609 | D:4      | HP: 26/66 [gnoll (2)]
  3614 | D:4      | HP: 20/66 [water moccasin (3)]
  3625 | D:4      | Reached skill level 5 in Fighting
  3750 | D:5      | Found an iron altar of Okawaru.
  3755 | D:5      | HP: 32/67 [gnoll (3)]
  3762 | D:5      | HP: 16/67 [gnoll sergeant (5)]
  3770 | D:5      | Reached skill level 9 in Axes
  3770 | D:5      | Reached XP level 8. HP: 31/74 MP: 5/5
  3798 | D:5      | HP: 32/74 [steam dragon] (10)]
  4261 | D:6      | Reached skill level 10 in Axes
  4319 | D:6      | Found a blossoming altar of Fedhas.
  4367 | D:6      | Reached skill level 6 in Fighting
  4367 | D:6      | Found a stormy altar of Qazlal.
  4390 | D:6      | HP: 35/76 [acid (4)]
  4393 | D:6      | HP: 17/76 [acid (3)]
  4414 | D:6      | HP: 5/76 [acid (6)]
  4414 | D:6      | Slain by an ice beast

Vanquished Creatures
  Sigmund (D:5)
  A steam dragon (D:5)
  A water moccasin (D:4)
  A necrophage (D:5)
  An ogre (D:5)
  A gnoll sergeant (D:5)
  A bullfrog (D:6)
  3 scorpions
  A wyvern skeleton (D:5)
  3 water moccasin skeletons
  2 howler monkeys (D:5)
  2 orc priests
  A bullfrog skeleton (D:5)
  A centaur skeleton (D:6)
  An iguana (D:4)
  3 orc wizards (D:6)
  A howler monkey zombie (D:5)
  10 gnolls
  6 adders
  A shadow imp (D:6)
  An ufetubus (D:4)
  2 worms
  2 dart slugs (D:1)
  8 orcs
  7 bats
  4 endoplasms
  2 giant cockroaches (D:3)
  6 goblins
  5 hobgoblins
  3 jackals (D:4)
  2 quokkas
  6 ball pythons
  5 kobolds
  6 rats
  A bush (D:6)
102 creatures vanquished.

Vanquished Creatures (others)
  A fungus (D:6)
  3 plants (D:6)
4 creatures vanquished.

Grand Total: 106 creatures vanquished

Table legend: (Time is in decaauts)
 A = Elapsed time spent in this place.
 B = Non-inter-level travel time spent in this place.
 C = Inter-level travel time spent in this place.
 D = Time resting spent in this place.
 E = Time spent auto-exploring this place.
 F = Levels seen in this place.
 G = Mean time per level.
                   A        B        C        D        E       F      G
               +--------+--------+--------+--------+--------+-----+--------+
         Total |   4487 |   4124 |    363 |    206 |   2984 |   6 |  747.8 |
       Dungeon |   4487 |   4124 |    363 |    206 |   2984 |   6 |  747.8 |
               +--------+--------+--------+--------+--------+-----+--------+

Top non-repeatable levels by time:
     D:4: 1032 daAuts
     D:2: 908 daAuts
     D:1: 828 daAuts
     D:3: 782 daAuts
     D:5: 633 daAuts
     D:6: 302 daAuts
